 Dungeon Crawl Stone Soup version 0.31-a0-167-g1c394c0614 (webtiles) character file.

Game seed: 14457684241998808015

53 qw the Shooter (level 3, -1/32 HPs)
             Began as a Naga Hunter on June 14, 2023.
             Slain by Natasha (9 damage)
             ... on level 2 of the Dungeon.
             The game lasted 00:00:24 (938 turns).

qw the Shooter (Naga Hunter)                         Turns: 938, Time: 00:00:25

Health: -1/32      AC:  2    Str: 13    XL:     3   Next: 87%
Magic:  3/3        EV:  9    Int:  9    God:
Gold:   665        SH:  0    Dex: 16    Spells: 2/2 levels left

rFire   . . .        Y - +0 shortbow
rCold   . . .        (shield currently unavailable)
rNeg    . . .        c - +0 leather armour
rPois   +            (no helmet)
rElec   .            (no cloak)
rCorr   .            (no gloves)
SInv    +            (no barding)
Will    .....        (no amulet)
Stlth   ++           (no ring)
HPRegen 0.25/turn    (no ring)
MPRegen 0.08/turn

%: no passive effects
@: short of breath, very slow
A: AC +1, large, see invisible, deformed body, poison resistance, slowness 2,
spit poison 1, naga tail 1
a: Spit Poison


You were on level 2 of the Dungeon.
You visited 1 branch of the dungeon, and saw 2 of its levels.

You collected 665 gold pieces.


Innate Abilities, Weirdness & Mutations

Your serpentine skin is tough. (AC +1)
You have supernaturally acute eyesight. (SInv)
Armour fits poorly on your strangely shaped body.
Your system is resistant to poisons. (rPois)
You cover ground very slowly.
You can spit poison.
You have a snake-like lower body.


   Skills:
 - Level 2.0 Fighting
 + Level 4.9 Ranged Weapons
 - Level 1.5 Dodging
 - Level 1.5 Stealth


You had 2 spell levels left.
You didn't know any spells.
Your spell library was empty.

Inventory:

Hand Weapons
 Y - a +0 shortbow (weapon)
Armour
 c - a +0 leather armour (worn)
Scrolls
 a - 2 scrolls of identify
Potions
 d - a potion of mutation {unknown}
 e - a potion of heal wounds {unknown}
 g - a potion of lignification {unknown}

Dungeon Overview and Level Annotations

Branches:
Dungeon (2/15)

Altars:

Annotations:
D:2 Natasha


Message History

929 ||| INVOKING Spit Poison.
Aiming: Spit Poison (2% risk of failure)
Press: ? - help, Shift-Dir - straight line, f - worm The splash of poison hits the worm.
The worm is poisoned.
The worm is moderately wounded.
You shoot an arrow. The arrow hits the worm.
The worm is moderately wounded.
You hear an angry hiss.
Natasha, Servant of Life and Death comes into view.
You shoot an arrow. The arrow barely misses the worm.
You have got your breath back.
The worm bites you.
932 ||| INVOKING Spit Poison.
Aiming: Spit Poison (2% risk of failure)
Press: ? - help, Shift-Dir - straight line, f/p - worm The splash of poison hits the worm.
The worm is heavily wounded.
You shoot an arrow. The arrow hits the worm.
The worm is severely wounded.
The worm bites you!
You shoot an arrow. The arrow barely misses the worm.
You have got your breath back.
Natasha claws you! The worm bites you. Natasha barely misses you.
935 ||| INVOKING Spit Poison.
Aiming: Spit Poison (2% risk of failure)
Press: ? - help, Shift-Dir - straight line, f/p - worm The splash of poison hits the worm.
The worm looks even sicker.
The worm is severely wounded.
Natasha closely misses you.
You shoot an arrow. The arrow hits the worm!
You kill the worm!
Natasha mumbles some strange words.
You shoot an arrow.
The arrow hits Natasha but does no damage.
Natasha extends her claws.
Natasha claws you.
You shoot an arrow. The arrow hits Natasha!
Natasha is heavily wounded.
The cerulean imp barely misses you. Natasha claws you!
You die...

#.# #.# ##.##
##)..## .....
#.#.##..5######
#....$%h....... #@#
#.# #.# #.#
####.### #......#
## #.##.#.# #.#
#########.##.#>#
#.#.#
.............#.##.#
#.#####


You could see Natasha and a cerulean imp (summoned).

Vanquished Creatures
  A worm (D:2)
  A dart slug (D:1)
  2 ball pythons (D:1)
  3 endoplasms
  5 goblins (D:1)
  6 hobgoblins
  10 jackals (D:1)
  A kobold (D:1)
  A quokka (D:1)
  3 bats (D:1)
  5 frilled lizards (D:1)
  3 rats (D:1)
  A spectral goblin (D:1)
42 creatures vanquished.

Notes
Turn   | Place    | Note
-------+----------+-------------------------------------------
     0 | D:1      | qw the Naga Hunter began the quest for the Orb.
     0 | D:1      | Reached XP level 1. HP: 19/19 MP: 1/1
     0 | D:1      | 0 ||| qw: Version: 0.2-a-29-g1fa15c8
     0 | D:1      | 0 ||| qw: Game counter: 4940
     0 | D:1      | 0 ||| qw: Always use a shield: true
     0 | D:1      | 0 ||| qw: God list: Okawaru
     0 | D:1      | 0 ||| qw: Allow faded altars: false
     0 | D:1      | 0 ||| qw: Do Orc after D:15 true
     0 | D:1      | 0 ||| qw: Do second Lair branch before Depths: true
     0 | D:1      | 0 ||| qw: Lair rune preference: random
     0 | D:1      | 0 ||| qw: Plans: Normal
     0 | D:1      | 0 ||| PLANNING D:1-11
    43 | D:1      | 43 ||| INVOKING Spit Poison.
    48 | D:1      | 48 ||| INVOKING Spit Poison.
    52 | D:1      | 52 ||| INVOKING Spit Poison.
    96 | D:1      | 96 ||| INVOKING Spit Poison.
   125 | D:1      | 125 ||| INVOKING Spit Poison.
   183 | D:1      | Reached skill level 4 in Ranged Weapons
   183 | D:1      | Reached XP level 2. HP: 26/26 MP: 2/2
   193 | D:1      | 193 ||| INVOKING Spit Poison.
   198 | D:1      | 198 ||| INVOKING Spit Poison.
   202 | D:1      | 202 ||| INVOKING Spit Poison.
   205 | D:1      | 205 ||| INVOKING Spit Poison.
   218 | D:1      | 218 ||| INVOKING Spit Poison.
   264 | D:1      | 264 ||| INVOKING Spit Poison.
   267 | D:1      | 267 ||| INVOKING Spit Poison.
   274 | D:1      | 274 ||| INVOKING Spit Poison.
   275 | D:1      | Reached XP level 3. HP: 31/32 MP: 3/3
   284 | D:1      | 284 ||| INVOKING Spit Poison.
   294 | D:1      | 294 ||| INVOKING Spit Poison.
   315 | D:1      | 315 ||| INVOKING Spit Poison.
   328 | D:1      | 328 ||| INVOKING Spit Poison.
   334 | D:1      | 334 ||| INVOKING Spit Poison.
   354 | D:1      | 354 ||| INVOKING Spit Poison.
   379 | D:1      | 379 ||| INVOKING Spit Poison.
   414 | D:1      | 414 ||| INVOKING Spit Poison.
   460 | D:1      | 460 ||| INVOKING Spit Poison.
   466 | D:1      | 466 ||| INVOKING Spit Poison.
   472 | D:1      | 472 ||| INVOKING Spit Poison.
   576 | D:1      | 576 ||| INVOKING Spit Poison.
   663 | D:1      | Found a faded altar of an unknown god.
   688 | D:1      | 688 ||| INVOKING Spit Poison.
   814 | D:1      | 814 ||| READING 2 scrolls labelled QOUNNEJAIPH.
   815 | D:1      | 815 ||| READING scroll labelled BIJU TOACRAIL.
   816 | D:1      | 816 ||| READING scroll labelled EVEURY HOSM.
   816 | D:1      | Identified a scroll of acquirement
   816 | D:1      | 816 ||| ACQUIRING 582 gold pieces
   816 | D:1      | Acquired 582 gold pieces
   818 | D:1      | 818 ||| DROPPING scroll of butterflies.
   872 | D:2      | 872 ||| INVOKING Spit Poison.
   929 | D:2      | 929 ||| INVOKING Spit Poison.
   930 | D:2      | Noticed Natasha
   932 | D:2      | 932 ||| INVOKING Spit Poison.
   935 | D:2      | 935 ||| INVOKING Spit Poison.
   937 | D:2      | HP: 7/32 [Natasha (4)]
   938 | D:2      | Slain by Natasha

Levels and vault maps discovered:
D:1:      lightli_arrival_statue_moat, layout_loops_ring,
          dreamdust_ecumenical_altar_drowned_temple,
          hangedman_decor_clover_reticule
D:2:      layout_loops_corners, uniq_terence, uniq_natasha

Skill      XL: |  1 |
---------------+----+-----
Ranged Weapons | 4 |  4.9
Fighting       | |  2.0
Dodging        | |  1.5
Stealth        | |  1.5

Action                     || total
---------------------------++-------
   Fire: Shortbow          ||    80
Ability: Spit Poison       ||    30
    Use: Scroll            ||     3
 Armour: Leather armour    ||     7
  Dodge: Dodged            ||    22

Table legend:
 A = Non-vault XP
 B = Vault XP
 C = Vault XP percentage of total XP
 D = Non-vault monster count
 E = Vault monster count
 F = Vault count percentage of total count
                 A         B        C        D         E       F
            +---------+---------+-------+---------+---------+-------
      Total |      75 |       1 |   1.3 |      41 |       1 |   2.4
            +---------+---------+-------+---------+---------+-------
        D:1 |      66 |       1 |   1.5 |      38 |       1 |   2.6
        D:2 |       9 |       0 |   0.0 |       3 |       0 |   0.0
            +---------+---------+-------+---------+---------+-------
